 Dungeon Sprint DCSS version 0.31-a0-360-gb3e1d13bf4 (webtiles) character file.

Game seed: 9209642512193787212

24824 Monkooky the Ninja (level 13, -2/97 HPs)
             Began as a Kobold Brigand on July 26, 2023.
             Was the Champion of Wu Jian.
             Succumbed to poison (dark miasma)
             ... in the Dungeon (Sprint I: "Red Sonja").
             The game lasted 00:18:00 (2095 turns).

Monkooky the Ninja (Kobold Brigand)                 Turns: 2095, Time: 00:18:01

Health: -2/97      AC:  7    Str: 16    XL:     13   Next: 45%
Magic:  13/13      EV: 39    Int: 13    God:    Wu Jian [******]
Gold:   1199       SH:  0    Dex: 27    Spells: 12/12 levels left

rFire   . . .        q - +4 short sword (distort)
rCold   . . .        (no shield)
rNeg    . . .        p - +0 robe of Terror {rElec Will- Str+8 Stlth+}
rPois   .            o - +0 helmet
rElec   +            c - +0 cloak
rCorr   .            r - +2 pair of gloves {Stlth+}
SInv    +            (no boots)
Will    .....        x - amulet of faith Stlth ***+++++++
                     a - +6 ring of dexterity
HPRegen 0.00/turn    H - ring of see invisible
MPRegen 0.13/turn

%: no teleportation, faith
@: lethally poisoned (-2 -> -37), inhibited regen, slowed, very slow
A: small, no large weapons, nightstalker 3, inhibited regeneration, inability to
read after injury 1
a: Renounce Religion, Wall Jump, Serpent's Lash, Heavenly Storm


You were in the Dungeon.
You worshipped Wu Jian.
Wu Jian was exalted by your worship.
You visited 1 branch You collected 3801 gold pieces.
You spent 2602 gold pieces at shops.

Inventory:

Hand Weapons
 q - a +4 short sword of distortion (weapon)
Missiles
 d - 9 poisoned darts (quivered)
 e - 8 curare-tipped darts
Armour
 b - a +0 robe
 c - a +0 cloak (worn)
 n - the +0 robe "Suogus" {Regen+ Str+2}
   (You bought it in a shop in the Dungeon)

   Str:       It affects your strength (+2).
   Regen:     It increases your rate of health regeneration.
 o - a +0 helmet (worn)
 p - the +0 robe of Terror (worn) {rElec Will- Str+8 Stlth+}
   (You bought it in a shop in the Dungeon)

   Str:       It affects your strength (+8).
   rElec:     It insulates you from electricity.
   Will:      It decreases your willpower.
   Stlth:     It makes you more stealthy.
 r - a +2 pair of gloves of stealth (worn)
Jewellery
 a - a +6 ring of dexterity (left hand)
 f - a +6 ring of strength
 s - a +4 ring of protection
 x - an amulet of faith (around neck)
 H - a ring of see invisible (right hand)
Wands
 l - a wand of iceblast (13)
 K - a wand of charming (12)
Scrolls
 k - 8 scrolls of blinking
 t - 2 scrolls of butterflies
 v - a scroll of brand weapon
 y - a scroll of poison
 z - a scroll of immolation
 A - a scroll of silence
 B - 3 scrolls of fear
 D - 2 scrolls of fog
 E - a scroll of vulnerability
 G - a scroll of amnesia {unknown}
 I - a scroll of revelation {unknown}
Potions
 g - 2 potions of heal wounds
 h - a potion of haste
 i - 2 potions of magic
 j - a potion of berserk rage
 m - a potion of mutation {unknown}
 w - a potion of might {unknown}
 F - a potion of attraction {unknown}
 J - a potion of brilliance {unknown}
Miscellaneous
 u - a tin of tremorstones (2/2)


   Skills:
 * Level 17.9 Fighting
 - Level 10.0 Short Blades
 - Level 6.0 Throwing
 + Level 21.6 Dodging
 O Level 27 Stealth
 - Level 12.0 Evocations


You had 12 spell levels left.
You didn't know any spells.
Your spell library contained the following spells:

 Spells                   Type           Power      Damage    Failure   Level
 Summon Small Mammal      Summ           0%         N/A       30%         1
 Call Canine Familiar     Summ           0%         N/A       67%         3
 Summon Guardian Golem    Hex/Summ       0%         N/A       67%         3


Dungeon Overview and Level Annotations

Branches:
Dungeon (1/1)

Altars:
Cheibriados
Dithmenos
Elyvilon
Fedhas
Gozag
Hepliaklqana
Kikubaaqudgha
Makhleb
Nemelex Xobeh
Okawaru
Qazlal
Ru
Sif Muna
Trog
Uskayaw
Vehumet
Wu Jian
Xom
Yredelemnul
Zin
The Shining One
Jiyva
Lugonu

Shops:
D :**[*((?(!??(?*=**?[=(

Annotations:
D exclusions: daeva and oklob plant, Tiamat


Innate Abilities, Weirdness & Mutations

You are small and have problems with some larger weapons.
You are completely attuned to the shadows.
You do not regenerate when monsters are visible.
You occasionally lose the ability to read scrolls when taking damage.


Message History

You close the door.
You feel sick.
You are no longer poisoned.
You start resting.
You feel yourself speed up.
You start resting.
The heavenly storm settles.
You start resting.
You are engulfed in dark miasma.
You are poisoned.
You feel extremely sick.
You feel better.
You are engulfed in dark miasma.
You are poisoned.
You feel yourself slow down.
You feel very sick.
You feel very sick.
Okay, then.
Okay, then.
You feel very sick.
You open the door.
You are engulfed in dark miasma.
You are lethally poisoned!
You feel threatened and lose the ability to read scrolls!
* * * LOW HITPOINT WARNING * * *
x2 You feel extremely sick.
Tiamat, Avatar of the Dragonlord comes into view.
She is wielding a +0 vampiric bardiche and wearing the +4 dragonskin cloak.
You feel better.
You are engulfed in dark miasma.
You are lethally poisoned!
You feel as though you will be slow longer.
You can read scrolls again.
* * * LOW HITPOINT WARNING * * *
You feel extremely sick.
You feel much better.
You are engulfed in dark miasma.
You are lethally poisoned!
* * * LOW HITPOINT WARNING * * *
x2 You feel extremely sick.
Unknown command.
Blink to where?
Press: ? - help, Dir - move target
Found 27 gold pieces.
As you read the scroll of blinking, it crumbles to dust.
You die...

...........§#### ###.☼^§#
.††.......~~# #####☼^○°###
#.......~~~## ##^○○☼°§○.#
###..~~~~### #°.°○°.^°.#
##'######'####$$$$C#○○°°○°°°○.#
∩∩########∩∩############☼.°°.☼#
#∩∩∩∩∩∩∩∩∩∩###d≈≈≈≈≈≈ #☼§..°○
############ ###########°.°^.
#..@°°°°°°°°.§.°
################


You could see Tiamat (wandering) and a fire giant.

Vanquished Creatures
  A golden dragon (D)
  A shadow dragon (D)
  A lorocyproca (D)
  A hydra (D)
  2 centaur warriors (D)
  4 demonic crawlers (D)
  Sonja (D)
  A deep troll (D)
  A lindwurm (D)
  An oklob plant (D)
  7 shining eyes (D)
  2 merfolk sirens (D)
  2 gargoyles (D)
  2 kobold demonologists (D)
  A hellwing (D)
  4 hornets (D)
  A slime creature (D)
  A yak (D)
  Sigmund (D)
  11 hogs (D)
  2 redbacks (D)
  7 floating eyes (D)
  An ogre (D)
  5 necrophages (D)
  8 jellies (D)
  Ijyb (D)
70 creatures vanquished.

Vanquished Creatures (others)
  2 ballistomycete spores (D)
2 creatures vanquished.

Grand Total: 72 creatures vanquished

Notes
Turn   | Place    | Note
-------+----------+-------------------------------------------
     0 | D        | Monkooky the Kobold Brigand began the quest for the Orb.
     0 | D        | Reached XP level 1. HP: 12/12 MP: 1/1
     1 | D        | Noticed Ijyb
     4 | D        | Killed Ijyb
     5 | D        | Reached skill level 10 in Stealth
     5 | D        | Reached XP level 2. HP: 17/17 MP: 2/2
     5 | D        | Reached XP level 3. HP: 21/21 MP: 3/3
     9 | D        | Noticed an ogre
    11 | D        | Killed an ogre
    12 | D        | Reached XP level 4. HP: 26/26 MP: 4/4
    12 | D        | Reached XP level 5. HP: 30/30 MP: 5/5
    19 | D        | Noticed Sigmund
    33 | D        | Killed Sigmund
    34 | D        | Reached XP level 6. HP: 41/44 MP: 6/6
    55 | D        | Found an ornate altar of the Wu Jian Council.
    56 | D        | Found a shimmering blue altar of Sif Muna.
    57 | D        | Found a radiant altar of Vehumet.
    63 | D        | Became a worshipper of the Wu Jian Council
    69 | D        | Found a viscous altar of Jiyva.
    69 | D        | Found a corrupted altar of Lugonu.
    69 | D        | Noticed a slime creature
    70 | D        | Found a burning altar of Makhleb.
    70 | D        | Found a shimmering altar of Xom.
    71 | D        | Killed a slime creature
    72 | D        | Reached XP level 7. HP: 48/48 MP: 7/7
   108 | D        | Found a hazy altar of Hepliaklqana.
   108 | D        | Found a hide-covered altar of Uskayaw.
   108 | D        | Found an opulent altar of Gozag.
   108 | D        | Noticed a yak
   109 | D        | Found Qialet's Antique Armour Emporium.
   109 | D        | Found a stormy altar of Qazlal.
   109 | D        | Found a blossoming altar of Fedhas.
   109 | D        | Found a bloodstained altar of Trog.
   109 | D        | Found a snail-covered altar of Cheibriados.
   110 | D        | Killed a yak
   111 | D        | Reached skill level 12 in Stealth
   111 | D        | Found an iron altar of Okawaru.
   111 | D        | Found a sparkling altar of Nemelex Xobeh.
   111 | D        | Found a sacrificial altar of Ru.
   111 | D        | Found a glowing silver altar of Zin.
   112 | D        | Found an ancient bone altar of Kikubaaqudgha.
   112 | D        | Found a basalt altar of Yredelemnul.
   112 | D        | Found a glowing golden altar of the Shining One.
   112 | D        | Found a shadowy altar of Dithmenos.
   112 | D        | Found a white marble altar of Elyvilon.
   115 | D        | Bought a steaming robe for 136 gold pieces
   115 | D        | Identified the +0 robe "Suogus" {Regen+ Str+2} (You bought
                  | it in a shop in the Dungeon)
   125 | D        | Bought a helmet for 108 gold pieces
   125 | D        | Bought a transparent robe for 136 gold pieces
   125 | D        | Identified the +0 robe of Terror {rElec Will- Str+8 Stlth+}
                  | (You bought it in a shop in the Dungeon)
   149 | D        | Noticed Sonja
   152 | D        | Killed Sonja
   152 | D        | Reached * piety under Wu Jian
   153 | D        | Reached skill level 17 in Stealth
   153 | D        | Reached XP level 8. HP: 53/53 MP: 8/8
   167 | D        | Noticed a deep troll
   170 | D        | Killed a deep troll
   171 | D        | Reached skill level 10 in Short Blades
   171 | D        | Reached skill level 20 in Stealth
   171 | D        | Reached XP level 9. HP: 57/57 MP: 9/9
   215 | D        | Noticed a kobold demonologist
   216 | D        | Noticed a kobold demonologist
   218 | D        | Killed a kobold demonologist
   218 | D        | Reached ** piety under Wu Jian
   220 | D        | Killed a kobold demonologist
   224 | D        | Noticed a demonic crawler
   224 | D        | Noticed a demonic crawler
   224 | D        | Noticed a demonic crawler
   224 | D        | Noticed a demonic crawler
   225 | D        | Killed a demonic crawler
   226 | D        | Reached skill level 10 in Dodging
   226 | D        | Reached XP level 10. HP: 66/66 MP: 10/10
   226 | D        | Killed a demonic crawler
   226 | D        | Killed a demonic crawler
   226 | D        | Reached *** piety under Wu Jian
   227 | D        | Reached skill level 10 in Fighting
   227 | D        | Killed a demonic crawler
   237 | D        | Noticed a gargoyle
   240 | D        | Killed a gargoyle
   241 | D        | Reached skill level 15 in Dodging
   256 | D        | Noticed a lindwurm
   259 | D        | Killed a lindwurm
   266 | D        | Reached **** piety under Wu Jian
   268 | D        | Reached XP level 11. HP: 75/75 MP: 11/11
   268 | D        | Reached ***** piety under Wu Jian
   290 | D        | Noticed a daeva
   296 | D        | Noticed a 12-headed hydra
   297 | D        | Killed a 12-headed hydra
   325 | D        | Noticed a shadow dragon
   327 | D        | Noticed a golden dragon
   328 | D        | Killed a shadow dragon
   328 | D        | Reached ****** piety under Wu Jian
   330 | D        | Killed a golden dragon
   531 | D        | Found Yfuthroerch's Weapon Shoppe.
   797 | D        | Noticed a centaur warrior
   798 | D        | Noticed a centaur warrior
   800 | D        | Killed a centaur warrior
   801 | D        | Reached XP level 12. HP: 85/85 MP: 12/12
   801 | D        | Killed a centaur warrior
   802 | D        | Reached skill level 21 in Stealth
   824 | D        | Reached skill level 22 in Stealth
   968 | D        | Reached skill level 23 in Stealth
  1063 | D        | Found Wiwiegg's Magic Scroll Shoppe.
  1063 | D        | Found Yluybis's Antique Weapon Shop.
  1063 | D        | Found Bosuaf's Weapon Boutique.
  1065 | D        | Found Cyuc's Distillery.
  1065 | D        | Found Dyfri's Magic Scroll Shop.
  1065 | D        | Found Ekejalirry's Magic Scroll Shoppe.
  1065 | D        | Found Inicuge's Weapon Boutique.
  1068 | D        | Found Anwuitad's Magic Scroll Emporium.
  1069 | D        | Found Waitoj's General Store.
  1070 | D        | Found Gohacove's Jewellery Shoppe.
  1071 | D        | Found Umeq's Assorted Antiques.
  1072 | D        | Found Amuacul's Magic Scroll Emporium.
  1072 | D        | Found Laapn's General Store.
  1073 | D        | Found Xanir's Jewellery Emporium.
  1090 | D        | Bought a small emerald amulet for 105 gold pieces
  1096 | D        | Bought a scroll of poison for 44 gold pieces
  1096 | D        | Bought a scroll of immolation for 44 gold pieces
  1096 | D        | Bought a scroll of silence for 104 gold pieces
  1096 | D        | Bought a scroll of fear for 44 gold pieces
  1102 | D        | Bought a scroll of enchant armour for 75 gold pieces
  1102 | D        | Bought a scroll of enchant armour for 75 gold pieces
  1102 | D        | Bought a scroll of fog for 40 gold pieces
  1102 | D        | Bought a scroll of fear for 40 gold pieces
  1102 | D        | Bought a scroll of fear for 40 gold pieces
  1105 | D        | Bought a scroll of blinking for 97 gold pieces
  1105 | D        | Bought a scroll of blinking for 97 gold pieces
  1105 | D        | Bought a scroll of fog for 52 gold pieces
  1107 | D        | Bought a scroll of vulnerability for 56 gold pieces
  1108 | D        | Bought a scroll of identify for 20 gold pieces
  1108 | D        | Bought 3 scrolls of blinking for 225 gold pieces
  1108 | D        | Bought a scroll of blinking for 75 gold pieces
  1114 | D        | Bought 3 scrolls of identify for 72 gold pieces
  1114 | D        | Identified a scroll of acquirement
  1115 | D        | Acquired a +0 pair of gloves of stealth
  1136 | D        | Bought a +6 ring of dexterity for 432 gold pieces
  1137 | D        | Bought a +4 ring of protection for 432 gold pieces
  1172 | D        | Found Ketus's Armour Emporium.
  1195 | D        | Found Borheete's Book Boutique.
  1209 | D        | Gained mutation: You do not regenerate when monsters are
                  | visible. [a shining eye]
  1210 | D        | Gained mutation: You occasionally lose the ability to read
                  | scrolls when taking damage. [a shining eye]
  1211 | D        | Reached skill level 24 in Stealth
  1211 | D        | Paralysed by a floating eye for 3 turns
  1223 | D        | Reached skill level 25 in Stealth
  1231 | D        | Reached skill level 26 in Stealth
  1241 | D        | Found Meudeof's Weapon Boutique.
  1242 | D        | Found Icihodea's Assorted Antiques.
  1243 | D        | Found Xixto's General Store.
  1243 | D        | Found Haisuff's Assorted Antiques.
  1257 | D        | Bought a murky black potion for 25 gold pieces
  1257 | D        | Bought a scroll labelled HEMILLUSOSS for 28 gold pieces
  1361 | D        | Noticed a lorocyproca
  1364 | D        | Killed a lorocyproca
  1365 | D        | Reached skill level 27 in Stealth
  1365 | D        | Reached skill level 10 in Evocations
  2015 | D        | Noticed a deep elf annihilator
  2025 | D        | Banished a deep elf annihilator
  2026 | D        | Reached XP level 13. HP: 80/90 MP: 13/13
  2031 | D        | Reached skill level 15 in Fighting
  2032 | D        | Noticed a mummy priest
  2043 | D        | Noticed Lom Lobon
  2045 | D        | Banished Lom Lobon
  2053 | D        | Noticed a fire giant
  2092 | D        | Found the +4 dragonskin cloak
  2092 | D        | Noticed Tiamat
  2095 | D        | Succumbed to poison (dark miasma)

Illustrated notes

Levels and vault maps discovered:
D:        dungeon_sprint_1 [red_sonja_temple_1, red_sonja_temple_small_1]

Skill      XL: |  1  2  3  4  5  6  7  8  9 10 11 12 13 |
---------------+----------------------------------------+-----
Stealth        | 10 17 20 27 | 27.0
Short Blades   | 9 10 | 10.0
Throwing       | 6 |  6.0
Fighting       | 7 9 11 14 17 | 17.9
Evocations     | 9 12 | 12.0
Dodging        | 10 16 20 21 | 21.6

Action                     |  1- 3 |  4- 6 |  7- 9 | 10-12 | 13-15 || total
---------------------------+-------+-------+-------+-------+-------++-------
  Melee: Dagger            |     2 |    13 |     2 |       |       ||    17
         Punch             |       |     1 |       |     1 |     1 ||     3
         Short sword       |       |       |     5 |   138 |    21 ||   164
  Throw: Dart              |       |     1 |       |       |       ||     1
 Invoke: Serpent's Lash    |       |       |       |     2 |       ||     2
         Heavenly Storm    |       |       |       |     1 |       ||     1
Ability: Lunge             |       |     1 |     5 |    33 |     2 ||    41
         Whirlwind         |       |       |     1 |    30 |    13 ||    44
         Wall Jump         |       |       |       |     2 |       ||     2
    Use: Potion            |       |       |       |     2 |     3 ||     5
         Scroll            |       |       |       |     9 |     2 ||    11
   Stab: Sleeping          |     2 |     2 |     7 |    39 |       ||    50
 Armour: Robe              |       |       |       |     4 |       ||     4
  Dodge: Dodged            |       |     2 |       |    63 |    18 ||    83

Table legend: (Time is in decaauts)
 A = Elapsed time spent in this place.
 B = Non-inter-level travel time spent in this place.
 C = Inter-level travel time spent in this place.
 D = Time resting spent in this place.
 E = Time spent auto-exploring this place.
 F = Levels seen in this place.
 G = Mean time per level.
                   A        B        C        D        E       F      G
               +--------+--------+--------+--------+--------+-----+--------+
         Total |   2074 |   2051 |     23 |    946 |     15 |   1 | 2074.0 |
       Dungeon |   2074 |   2051 |     23 |    946 |     15 |   1 | 2074.0 |
               +--------+--------+--------+--------+--------+-----+--------+

Top non-repeatable levels by time:
       D: 2074 daAuts
